 Dungeon Crawl Stone Soup version 0.28-a0-683-ga8797d1ae1 (webtiles) character file.

Game seed: 11743892069428453048

917 Irenicus the Geomancer (level 7, -16/55 HPs)
             Began as a Deep Dwarf Earth Elementalist on Oct 18, 2021.
             Was an Initiate of Makhleb.
             Blown up by Pikel (25 damage)
             ... with a mindburst bolt
             ... on level 5 of the Dungeon.
             The game lasted 00:20:27 (3002 turns).

Irenicus the Geomancer (DDEE)                       Turns: 3002, Time: 00:20:28

Health: -16/55     AC:  5    Str: 12    XL:     7   Next: 83%
Magic:  8/10       EV: 31    Int: 23    God:    Makhleb [......]
Gold:   787        SH:  0    Dex: 13    Spells: 3/10 levels left

rFire   . . .      SeeInvis .   h - +0 short sword (vorpal)
rCold   . . .      Faith    .   (no shield)
rNeg    . . .      Spirit   .   o - +0 leather armour
rPois   .          Reflect  .   a - +0 helmet
rElec   .          Harm     .   (no cloak)
rCorr   .          Rampage  .   (no gloves)
Will    +....                   i - +0 pair of boots
Stlth   ++........              q - amulet of the acrobat
HPRegen 0.00/turn               I - +6 ring of intelligence
MPRegen 0.12/turn               E - +4 ring of evasion

@: acrobatic
A: damage resistance, heal wounds, sense surroundings 1, no regeneration
a: Heal Wounds, Renounce Religion


You were on level 5 of the Dungeon.
You worshipped Makhleb.
Makhleb was noncommittal.
You visited 2 branches of the dungeon, and saw 6 of its levels.

You collected 787 gold pieces.


Innate Abilities, Weirdness & Mutations

You are resistant to damage.
You can heal yourself by infusing magical energy.
You passively map a small area around you.
You do not regenerate.


   Skills:
 - Level 2.1 Dodging
 - Level 2.4 Stealth
 - Level 2.1 Spellcasting
 - Level 0.8 Transmutations
 + Level 11.0 Earth Magic
 + Level 5.1 Evocations


You had 3 spell levels left.
You knew the following spells:

 Your Spells              Type           Power      Damage    Failure   Level
g - Apportation           Tloc           4%         N/A       16%         1
t - Stone Arrow           Conj/Erth      54%        3d10      4%          3
w - Passwall              Tmut/Erth      24%        N/A       2%          2
z - Sandblast             Erth           100%       2d20      1%          1

Your spell library contained the following spells:

 Spells                   Type           Power      Damage    Failure   Level
 Sting                    Tmut/Pois      16%        1d3       14%         1
 Poisonous Vapours        Pois/Air       4%         N/A       24%         2
 Gell's Gravitas          Tloc           1%         N/A       43%         3
 Lesser Beckoning         Tloc           2%         N/A       43%         3
 Teleport Other           Tloc           2%         N/A       43%         3
 Petrify                  Tmut/Erth      29%        N/A       14%         4
 Olgreb's Toxic Radiance  Pois           2%         N/A       85%         4
 Alistair's Intoxication  Tmut/Pois      2%         N/A       98%         5
 Invisibility             Hex            1%         N/A       100%        6

Inventory:

Hand Weapons
 h - a +0 vorpal short sword (weapon)
Missiles
 c - 34 stones
 f - 18 poisoned darts
 r - 4 boomerangs of dispersal {=f}
 s - 2 throwing nets {=f}
Armour
 a - a +0 helmet (worn)
 i - a +0 pair of boots (worn)
 o - a +0 leather armour (worn)
Jewellery
 q - an amulet of the acrobat (around neck)
 C - a ring of protection from cold
 E - a +4 ring of evasion (right hand)
 I - a +6 ring of intelligence (left hand)
 P - a ring of poison resistance
Wands
 d - a wand of flame (16)
Scrolls
 b - a scroll of brand weapon
 e - a scroll of fog {unknown}
 g - a scroll of enchant weapon
 m - a scroll of magic mapping
 t - a scroll of summoning
Potions
 j - a potion of resistance
 k - a potion of mutation {unknown}
 l - a potion of cancellation {unknown}
 n - 3 potions of heal wounds {unknown}
 p - 2 potions of curing {unknown}

Dungeon Overview and Level Annotations

Branches:
Dungeon (5/15)             Temple (1/1) D:5

Altars:
Ashenzari
Cheibriados
Dithmenos
Elyvilon
Fedhas
Gozag
Hepliaklqana
Kikubaaqudgha
Makhleb
Nemelex Xobeh
Okawaru
Qazlal
Ru
Sif Muna
Uskayaw
Wu Jian
Xom
Yredelemnul
Zin
The Shining One

Annotations:
D:5 Pikel

,,*,,**,,,,........5######
#.
,***,,,,,,,..............#
#5
,,*,,******#.####..#####.#
#. *,,,** #,* #5.# *,* #.
**,** *,* #..#####.# #5
#*,* *,* #........# #.
.,,* *,* ##...###### #.
#*** *,* #....# #. *,*
#@.#.# #. ***,**#..#.# #.
*,,,,,.....# #.
*,*,*##..#K############.
*,*,* #..#.##..5.....##.
*****,*,*
#..#K...####..5...
*,,,,,,,*
#.........####....
*,***,***
##5#.###....####.. *,* *,*
#.#.# ##.....####


You could see Pikel and 2 lemures.


Message History

Aim: a centaur zombie (100% to hit)
The stone arrow hits the centaur zombie!!
The centaur zombie is severely damaged.
Casting: Stone Arrow (dangerous; 4% risk of failure)
Confirm with . or Enter, or press ? or * to list all spells.
Aiming: Sandblast (safe; 1% risk of failure)
Press: ? - help, Shift-Dir - straight line, f/p - centaur zombie
Aim: a centaur zombie (severely damaged, 100% to hit)
The blast of sand hits the centaur zombie!
You destroy the centaur zombie!
Makhleb accepts your kill.
Your Earth Magic skill increases to level 11!
Your Evocations skill increases to level 5!
p - 2 viscous emerald potions (gained 1)
A lemure comes into view.
The lemure shouts!
You hear a shout!
A lemure comes into view.
The lemure shouts!
You hear a shout!
Found a scroll of summoning.
There is an escape hatch in the floor here.
Pikel the Slaver comes into view.
He is wielding a +1 whip of freezing and carrying a wand of mindburst (14).
Pikel shouts!
Pikel says, "Hell isn't that bad."
Pikel zaps a wand.
You resist with significant effort.
You see here a scroll of summoning.
t - a scroll of summoning A lemure comes into view.
Pikel zaps a wand.
Your mind is blasted!
You die...

Skill      XL: |  1  2  3  4  5  6  7 |
---------------+----------------------+-----
Earth Magic    | 5 6 7 9 10 11 | 11.0
Evocations     | 2 5 |  5.1
Spellcasting   | 2 |  2.1
Dodging        | |  2.1
Stealth        | |  2.4
Transmutations | |  0.8

Action                   |  1- 3 |  4- 6 |  7- 9 || total
-------------------------+-------+-------+-------++-------
Melee: Unarmed           |     7 |       |       ||     7
       Short sword       |    49 |    14 |       ||    63
 Cast: Sandblast         |    51 |    57 |    23 ||   131
       Passwall          |     1 |     8 |     9 ||    18
       Stone Arrow       |       |     1 |     6 ||     7
 Abil: Heal Wounds       |     2 |     1 |       ||     3
Evoke: Wand              |       |    14 |     2 ||    16
  Use: Scroll            |     3 |       |     4 ||     7
       Potion            |     2 |       |       ||     2
 Stab: Sleeping          |     2 |     1 |       ||     3
Armor: Robe              |    22 |     5 |       ||    27
       Leather armour    |       |     5 |     1 ||     6
Dodge: Dodged            |    77 |    16 |     4 ||    97

Levels and vault maps discovered:
D:1:      amcnicky_arrival_blooded_trapdoor, layout_basic,
          basic_ecumenical_altar
D:2:      layout_basic, uniq_robin
D:3:      layout_basic, nemelex_dance_club_becter, grunt_temple_overflow_open,
          cheibrodos_gnoll_hut
D:4:      layout_gridville, grunt_ministairs_8
D:5:      layout_loops_ring, minmay_temple_entry_statues_pillars,
          minmay_misc_feat_x, uniq_menkaure, uniq_pikel
Temple:   regret_index_temple_generic_petals

Notes
Turn   | Place    | Note
-------+----------+-------------------------------------------
     0 | D:1      | Irenicus the Deep Dwarf Earth Elementalist began the quest
                  | for the Orb.
     0 | D:1      | Reached XP level 1. HP: 15/15 MP: 3/3
   136 | D:1      | Found a faded altar of an unknown god.
   219 | D:1      | Reached XP level 2. HP: 20/22 MP: 0/4
   302 | D:1      | Reached skill level 5 in Earth Magic
   700 | D:1      | Reached XP level 3. HP: 21/28 MP: 5/5
   729 | D:1      | Learned a level 2 spell: Passwall
   892 | D:2      | Reached skill level 6 in Earth Magic
   933 | D:2      | Noticed Robin
   934 | D:2      | Identified a scroll of acquirement
   934 | D:2      | Acquired 585 gold pieces
   941 | D:2      | Identified 2 potions of resistance
   945 | D:2      | HP: 1/28 [goblin[Robin] (2)]
   970 | D:2      | Reached XP level 4. HP: 36/36 MP: 0/6
  1026 | D:2      | Killed Robin
  1380 | D:2      | Reached skill level 7 in Earth Magic
  1395 | D:3      | Found a hazy altar of Hepliaklqana.
  1402 | D:3      | Found an ornate altar of the Wu Jian Council.
  1402 | D:3      | Found a shadowy altar of Dithmenos.
  1405 | D:3      | Found a basalt altar of Yredelemnul.
  1427 | D:3      | Learned a level 3 spell: Stone Arrow
  1695 | D:3      | Reached XP level 5. HP: 42/42 MP: 4/7
  1697 | D:3      | Reached skill level 8 in Earth Magic
  1743 | D:3      | Found a sparkling altar of Nemelex Xobeh.
  1912 | D:4      | Noticed a phantom
  1917 | D:4      | Killed a phantom
  1918 | D:4      | Reached skill level 9 in Earth Magic
  1918 | D:4      | Reached XP level 6. HP: 33/49 MP: 2/8
  1958 | D:4      | Reached skill level 1 in Evocations
  2160 | D:4      | Reached skill level 2 in Evocations
  2164 | D:4      | Reached skill level 10 in Earth Magic
  2212 | D:4      | Reached XP level 7. HP: 18/55 MP: 1/9
  2255 | D:4      | Reached skill level 3 in Evocations
  2438 | D:5      | Entered Level 5 of the Dungeon
  2535 | D:5      | Noticed Menkaure
  2536 | D:5      | Killed Menkaure
  2537 | D:5      | Reached skill level 4 in Evocations
  2618 | D:5      | Found a staircase to the Ecumenical Temple.
  2626 | Temple   | Entered the Ecumenical Temple
  2733 | Temple   | Became a worshipper of Makhleb the Destroyer
  2826 | D:5      | Learned a level 1 spell: Apportation
  2901 | D:5      | Reached skill level 2 in Spellcasting
  2940 | D:5      | Reached skill level 11 in Earth Magic
  2940 | D:5      | Reached skill level 5 in Evocations
  2999 | D:5      | Noticed Pikel
  3002 | D:5      | Blown up by Pikel

Vanquished Creatures
  Menkaure (D:5)
  A phantom (D:4)
  A kobold brigand (D:5)
  3 scorpions
  A centaur zombie (D:5)
  2 orc priests (D:4)
  2 hounds (D:3)
  An orc wizard (D:4)
  A killer bee zombie (D:5)
  A hound zombie (D:5)
  A hound skeleton (D:4)
  Robin (D:2)
  8 gnolls
  5 adders
  2 dart slugs (D:1)
  14 orcs
  3 endoplasms
  2 giant cockroaches
  9 hobgoblins
  8 jackals (D:2)
  13 kobolds
  7 quokkas
  5 ball pythons
  5 bats
  3 frilled lizards
  12 goblins
  10 rats
122 creatures vanquished.

Table legend: (Time is in decaauts)
 A = Elapsed time spent in this place.
 B = Non-inter-level travel time spent in this place.
 C = Inter-level travel time spent in this place.
 D = Time resting spent in this place.
 E = Time spent auto-exploring this place.
 F = Levels seen in this place.
 G = Mean time per level.
                   A        B        C        D        E       F      G
               +--------+--------+--------+--------+--------+-----+--------+
         Total |   3005 |   2946 |     59 |      0 |      0 |   6 |  500.8 |
       Dungeon |   2872 |   2813 |     59 |      0 |      0 |   5 |  574.4 |
        Temple |    132 |    132 |      0 |      0 |      0 |   1 |  132.0 |
               +--------+--------+--------+--------+--------+-----+--------+

Top non-repeatable levels by time:
     D:1: 761 daAuts
     D:2: 630 daAuts
     D:4: 531 daAuts
     D:3: 517 daAuts
     D:5: 431 daAuts
  Temple: 132 daAuts

Table legend:
 A = Non-vault XP
 B = Vault XP
 C = Vault XP percentage of total XP
 D = Non-vault monster count
 E = Vault monster count
 F = Vault count percentage of total count
                 A         B        C        D         E       F
            +---------+---------+-------+---------+---------+-------
      Total |     996 |     315 |  24.0 |     103 |      19 |  15.6
            +---------+---------+-------+---------+---------+-------
        D:1 |      42 |       0 |   0.0 |      25 |       0 |   0.0
        D:2 |      76 |      36 |  32.1 |      22 |      11 |  33.3
        D:3 |      26 |     104 |  80.0 |       9 |       5 |  35.7
        D:4 |     549 |       3 |   0.5 |      31 |       2 |   6.1
        D:5 |     303 |     172 |  36.2 |      16 |       1 |   5.9
            +---------+---------+-------+---------+---------+-------
